Atlantic City Gamblers vs Newfoundland Shamrocks
Created - Friday, September 29, 2023 at 07:27
Goals
|
| Atlantic City Gamblers |
0 |
1 |
3 |
4 |
| Newfoundland Shamrocks |
0 |
2 |
1 |
3 |
|
Shots
|
| Atlantic City Gamblers |
12 |
7 |
21 |
40 |
| Newfoundland Shamrocks |
11 |
16 |
19 |
46 |
|
1st period
No Goal
Penalties :
William Dufour (NFS) for Hooking (Minor) at 1:06, Jean-Luc Foudy (ACG) for Roughing (Minor) at 7:40
2nd period
1. Newfoundland Shamrocks , Alex Chiasson 19 (Maxime Comtois 12, Jon Merrill 3) at 9:52
2. Newfoundland Shamrocks , Peter Abbandonato 5 (Alex Chiasson 12, Maxime Comtois 13) at 13:16 (PP)
3. Atlantic City Gamblers , Egor Sokolov 4 (Yegor Chinakhov 12, Nick Foligno 8) at 16:43
Penalties :
Alex Galchenyuk (NFS) for Hooking (Minor) at 0:49, Jean-Luc Foudy (ACG) for High sticking (Minor) at 2:21, Cal Foote (ACG) for Roughing (Minor) at 2:56, Raphael Lavoie (NFS) for Fighting (Major) at 9:12, Egor Sokolov (ACG) for Fighting (Major) at 9:12, Yegor Chinakhov (ACG) for Hooking (Minor) at 12:59, Ilya Solovyov (NFS) for Fighting (Major) at 19:18, Boris Katchouk (ACG) for Fighting (Major) at 19:18
3rd period
4. Newfoundland Shamrocks , Raphael Lavoie 7 (Alex Chiasson 13, Maxime Comtois 14) at 6:46
5. Atlantic City Gamblers , Alex Beaucage 3 (Simon Edvinsson 2, Ronnie Attard 3) at 8:03
6. Atlantic City Gamblers , Nils Hoglander 6 (Filip Roos 6, Nick Foligno 9) at 9:41 (PP)
7. Atlantic City Gamblers , Egor Sokolov 5 (Hendrix Lapierre 4, Simon Edvinsson 3) at 13:49
Penalties :
Jean-Luc Foudy (ACG) for Hooking (Minor) at 1:43, Alex Galchenyuk (NFS) for Slashing (Minor) at 9:35, Robert Bortuzzo (NFS) for Fighting (Major) at 9:51, Ronnie Attard (ACG) for Fighting (Major) at 9:51
Goalie Stats
Brian Elliott (ACG), 43 saves from 46 shots - (0.935), W, 10-10-1, 60:00 minutes
Casey DeSmith (NFS), 36 saves from 40 shots - (0.900), L, 10-6-1, 58:33 minutes
Players Stats for Atlantic City Gamblers
Player Name G A P +/- PIM S H SB GA TA FO MP PP MP PK MP
------------------------------------------------------------------------------------
Alex Beaucage 1 0 1 3 0 2 1 0 0 0 0/0 8:56 0:00 0:00
Alexander Holtz 0 0 0 -1 0 3 1 0 1 0 0/0 11:33 0:00 0:00
Boris Katchouk 0 0 0 -1 5 2 2 0 0 0 0/0 12:00 0:00 0:00
Cal Foote 0 0 0 -1 2 0 4 5 0 0 0/0 25:43 1:50 2:20
Egor Sokolov 2 0 2 3 5 3 0 0 0 0 0/0 8:38 0:00 0:11
Fabian Zetterlund 0 0 0 0 0 3 1 0 3 1 1/1 18:24 1:54 2:19
Filip Roos 0 1 1 0 0 1 1 3 0 0 0/0 21:00 1:47 3:08
Hendrix Lapierre 0 1 1 3 0 1 0 0 0 0 4/7 8:56 0:00 0:00
Jakub Lauko 0 0 0 0 0 0 1 2 1 0 0/0 15:22 1:54 0:00
Jean-Luc Foudy 0 0 0 0 6 2 2 0 2 0 9/20 16:04 1:53 0:15
Linus Karlsson 0 0 0 -1 0 0 2 0 0 0 5/6 12:01 0:00 0:28
Nick Foligno 0 2 2 -1 0 5 2 0 1 0 13/29 19:59 1:43 2:55
Nicolas Hague 0 0 0 -1 0 4 1 2 0 2 0/0 26:37 1:50 3:14
Nils Hoglander 1 0 1 -1 0 6 1 2 1 3 1/2 19:52 1:43 2:19
Ronnie Attard 0 1 1 1 5 2 0 0 0 1 0/0 11:06 0:00 0:00
Simon Edvinsson 0 2 2 2 0 4 1 1 0 1 0/0 13:16 0:00 0:53
Thomas Harley 0 0 0 1 0 0 5 1 0 0 0/0 22:16 1:47 3:08
Yegor Chinakhov 0 1 1 -1 2 2 2 0 3 0 2/4 19:56 1:43 2:53
Players Stats for Newfoundland Shamrocks
Player Name G A P +/- PIM S H SB GA TA FO MP PP MP PK MP
------------------------------------------------------------------------------------
Alex Chiasson 1 2 3 2 0 5 2 0 3 2 0/1 19:24 3:05 0:00
Alex Galchenyuk 0 0 0 0 4 2 1 0 1 0 0/0 12:55 3:25 0:12
Drew O'Connor 0 0 0 -2 0 1 1 2 0 1 0/0 13:48 0:00 1:36
Dylan Coghlan 0 0 0 -1 0 2 1 3 0 1 0/0 18:04 0:00 1:35
Ilya Solovyov 0 0 0 -1 5 1 2 1 0 1 0/0 15:58 1:57 0:03
Jon Merrill 0 1 1 -1 0 3 2 0 0 2 0/0 25:14 0:31 1:59
Josh Archibald 0 0 0 0 0 2 2 2 1 0 2/2 16:32 0:00 1:49
Maxime Comtois 0 3 3 2 0 10 2 0 0 1 2/2 19:13 3:12 0:00
Nicolas Deslauriers 0 0 0 0 0 2 2 1 2 0 0/0 17:00 3:02 0:12
Peter Abbandonato 1 0 1 0 0 4 2 0 0 0 12/21 16:52 0:27 1:49
Raphael Lavoie 1 0 1 1 5 5 1 1 1 0 12/27 17:14 2:50 0:00
Robert Bortuzzo 0 0 0 0 5 5 0 0 0 1 0/0 22:06 1:02 1:59
Samuel Poulin 0 0 0 -2 0 0 0 1 0 0 4/11 15:13 3:07 0:00
Tanner Laczynski 0 0 0 -1 0 2 1 1 0 1 0/1 9:11 0:08 1:36
William Dufour 0 0 0 -2 2 0 0 0 0 0 0/0 14:52 3:10 0:00
William Villeneuve 0 0 0 0 0 1 0 1 0 0 0/0 17:17 2:57 0:03
Wyatte Wylie 0 0 0 1 0 0 1 0 0 2 0/0 14:01 0:00 1:35
Zayde Wisdom 0 0 0 -1 0 1 1 0 0 0 2/4 10:56 2:57 0:00
3 Stars
1 - Alex Chiasson (NFS)
2 - Maxime Comtois (NFS)
3 - Alex Beaucage (ACG)
Power Play
Atlantic City Gamblers - 1 on 3 Attempt(s) - 33.33%
Newfoundland Shamrocks - 1 on 5 Attempt(s) - 20.00%
Penalty Kill
Atlantic City Gamblers - 4 on 5 Attempt(s) - 80.00%
- Score 0 goal in Penalty Kill
Newfoundland Shamrocks - 2 on 3 Attempt(s) - 66.67%
- Score 0 goal in Penalty Kill
Team Stat
Atlantic City Gamblers - Hits : 27 - Faceoff Wins : 35 - Blocked Shots : 16 - Penalty Minutes : 25
Newfoundland Shamrocks - Hits : 21 - Faceoff Wins : 34 - Blocked Shots : 13 - Penalty Minutes : 21
Official
Referees : Mike Leggo and Jean Hebert
Linesman : Steve Miller and Brian Murphy
Game Notes
Raphael Lavoie and Egor Sokolov fight to a draw at 9:12 of 2nd period
Ilya Solovyov and Boris Katchouk fight to a draw at 19:18 of 2nd period
Ronnie Attard beats up Robert Bortuzzo at 9:51 of 3rd period
Atlantic City Gamblers
5 vs 5 Forward
Center Left Wing Right Wing Time % Phy DF OF
1 Nick Foligno Yegor Chinakhov Nils Hoglander 30 1 2 2
2 Jean-Luc Foudy Fabian Zetterlund Jakub Lauko 30 1 2 2
3 Linus Karlsson Boris Katchouk Alexander Holtz 25 1 2 2
4 Hendrix Lapierre Egor Sokolov Alex Beaucage 15 1 2 2
5 vs 5 Defense
Defense Defense Time % Phy DF OF
1 Nicolas Hague Cal Foote 30 1 2 2
2 Thomas Harley Filip Roos 30 1 2 2
3 Ronnie Attard Simon Edvinsson 25 1 2 2
4 Nicolas Hague Cal Foote 15 1 2 2
PowerPlay Forward
Center Left Wing Right Wing Time % Phy DF OF
1 Nick Foligno Yegor Chinakhov Nils Hoglander 50 1 2 2
2 Jean-Luc Foudy Fabian Zetterlund Jakub Lauko 50 1 2 2
PowerPlay Defense
Defense Defense Time % Phy DF OF
1 Nicolas Hague Cal Foote 50 1 2 2
2 Thomas Harley Filip Roos 50 1 2 2
Penalty Kill 4 Players Forward
Center Wing Time % Phy DF OF
1 Nick Foligno Yegor Chinakhov 50 1 2 2
2 Nils Hoglander Fabian Zetterlund 50 1 2 2
Penalty Kill 4 Players Defense
Defense Defense Time % Phy DF OF
1 Nicolas Hague Cal Foote 50 1 2 2
2 Thomas Harley Filip Roos 50 1 2 2
Penalty Kill - 3 Players Forward
Forward Time % Phy DF OF
1 Nick Foligno 50 1 2 2
2 Yegor Chinakhov 50 1 2 2
Penalty Kill - 3 Players Defense
Defense Defense Time % Phy DF OF
1 Nicolas Hague Cal Foote 50 1 2 2
2 Thomas Harley Filip Roos 50 1 2 2
4 vs 4 Forward
Center Wing Time % Phy DF OF
1 Nick Foligno Yegor Chinakhov 50 1 2 2
2 Nils Hoglander Fabian Zetterlund 50 1 2 2
4 vs 4 Defense
Defense Defense Time % Phy DF OF
1 Nicolas Hague Cal Foote 50 1 2 2
2 Thomas Harley Filip Roos 50 1 2 2
Last Minutes Offensive
Center Left Wing Right Wing Defense Defense
Nick Foligno Yegor Chinakhov Nils Hoglander Nicolas Hague Cal Foote
Last Minutes Defensive
Center Left Wing Right Wing Defense Defense
Nick Foligno Yegor Chinakhov Nils Hoglander Nicolas Hague Cal Foote
Goaltenders
Starting : Brian Elliott
Backup : Isaiah Saville
Extra Forwards
Normal : Boris Katchouk, Egor Sokolov, Linus Karlsson - PP : Boris Katchouk, Egor Sokolov - PK : Linus Karlsson
Extra Defensemen
Normal : Ronnie Attard, Simon Edvinsson, Thomas Harley - PP : Ronnie Attard - PK : Simon Edvinsson, Thomas Harley
Penalty Shots
Nick Foligno, Yegor Chinakhov, Nils Hoglander, Fabian Zetterlund, Boris Katchouk
Newfoundland Shamrocks
5 vs 5 Forward
Center Left Wing Right Wing Time % Phy DF OF
1 Raphael Lavoie Maxime Comtois Alex Chiasson 30 1 2 2
2 Peter Abbandonato Nicolas Deslauriers Josh Archibald 30 1 2 2
3 Samuel Poulin Drew O'Connor William Dufour 25 1 2 2
4 Zayde Wisdom Alex Galchenyuk Tanner Laczynski 15 1 2 2
5 vs 5 Defense
Defense Defense Time % Phy DF OF
1 Jon Merrill Robert Bortuzzo 30 1 2 2
2 Dylan Coghlan Ilya Solovyov 30 1 2 2
3 William Villeneuve Wyatte Wylie 25 1 2 2
4 Jon Merrill Robert Bortuzzo 15 1 2 2
PowerPlay Forward
Center Left Wing Right Wing Time % Phy DF OF
1 Raphael Lavoie Maxime Comtois Alex Chiasson 50 1 2 2
2 Samuel Poulin Nicolas Deslauriers William Dufour 50 1 2 2
PowerPlay Defense
Defense Defense Time % Phy DF OF
1 Ilya Solovyov Alex Galchenyuk 50 1 2 2
2 Zayde Wisdom William Villeneuve 50 1 2 2
Penalty Kill 4 Players Forward
Center Wing Time % Phy DF OF
1 Peter Abbandonato Josh Archibald 50 1 2 2
2 Tanner Laczynski Drew O'Connor 50 1 2 2
Penalty Kill 4 Players Defense
Defense Defense Time % Phy DF OF
1 Jon Merrill Robert Bortuzzo 50 1 2 2
2 Dylan Coghlan Wyatte Wylie 50 1 2 2
Penalty Kill - 3 Players Forward
Forward Time % Phy DF OF
1 Josh Archibald 50 1 2 2
2 Drew O'Connor 50 1 2 2
Penalty Kill - 3 Players Defense
Defense Defense Time % Phy DF OF
1 Jon Merrill Robert Bortuzzo 50 1 2 2
2 Dylan Coghlan Wyatte Wylie 50 1 2 2
4 vs 4 Forward
Center Wing Time % Phy DF OF
1 Raphael Lavoie Alex Chiasson 50 1 2 2
2 Samuel Poulin Maxime Comtois 50 1 2 2
4 vs 4 Defense
Defense Defense Time % Phy DF OF
1 Jon Merrill Robert Bortuzzo 50 1 2 2
2 Ilya Solovyov Alex Galchenyuk 50 1 2 2
Last Minutes Offensive
Center Left Wing Right Wing Defense Defense
Raphael Lavoie Maxime Comtois Alex Chiasson Jon Merrill Dylan Coghlan
Last Minutes Defensive
Center Left Wing Right Wing Defense Defense
Tanner Laczynski Drew O'Connor Josh Archibald Jon Merrill Robert Bortuzzo
Goaltenders
Starting : Casey DeSmith
Backup : Mackenzie Blackwood
Extra Forwards
Normal : Josh Archibald, Alex Chiasson, Nicolas Deslauriers - PP : Peter Abbandonato, Tanner Laczynski - PK : Nicolas Deslauriers
Extra Defensemen
Normal : Dylan Coghlan, Jon Merrill, Robert Bortuzzo - PP : Robert Bortuzzo - PK : William Villeneuve, Ilya Solovyov
Penalty Shots
Raphael Lavoie, Alex Galchenyuk, Samuel Poulin, William Dufour, Zayde Wisdom
% Time on Ice - Atlantic City Gamblers
Lines # - Real PCT - Wanted PCT - Time Play
Normal Forward
1 - 29% - 30% - 13:57
2 - 29% - 30% - 13:58
3 - 24% - 25% - 11:33
4 - 18% - 15% - 8:56
Normal Defense
1 - 30% - 30% - 14:38
2 - 32% - 30% - 15:30
3 - 26% - 25% - 12:23
4 - 12% - 15% - 5:53
PP Forward
1 - 47% - 50% - 1:43
2 - 53% - 50% - 1:54
PP Defense
1 - 51% - 50% - 1:50
2 - 49% - 50% - 1:47
PK Forward
1 - 48% - 50% - 2:24
2 - 52% - 50% - 2:34
PK Defense
1 - 54% - 50% - 2:41
2 - 46% - 50% - 2:17
PK3 Forward
1 - 50% - 50% - 0:42
2 - 50% - 50% - 0:42
PK3 Defense
1 - 39% - 50% - 0:33
2 - 61% - 50% - 0:51
44 Forward
1 - 52% - 50% - 0:14
2 - 48% - 50% - 0:13
44 Defense
1 - 52% - 50% - 0:14
2 - 48% - 50% - 0:13
Last Minute Offensive - 0:00
Last Minute Defensive - 1:10
Total
Forward - 60:00
Defense - 60:00
|
% Time on Ice - Newfoundland Shamrocks
Lines # - Real PCT - Wanted PCT - Time Play
Normal Forward
1 - 30% - 30% - 14:29
2 - 30% - 30% - 14:40
3 - 25% - 25% - 11:51
4 - 15% - 15% - 7:21
Normal Defense
1 - 31% - 30% - 15:08
2 - 31% - 30% - 15:12
3 - 26% - 25% - 12:26
4 - 12% - 15% - 5:35
PP Forward
1 - 49% - 50% - 3:07
2 - 51% - 50% - 3:15
PP Defense
1 - 54% - 50% - 3:25
2 - 46% - 50% - 2:57
PK Forward
1 - 50% - 50% - 1:49
2 - 50% - 50% - 1:48
PK Defense
1 - 55% - 50% - 1:59
2 - 45% - 50% - 1:38
PK3 Forward
1 - 0% - 50%
2 - 0% - 50%
PK3 Defense
1 - 0% - 50%
2 - 0% - 50%
44 Forward
1 - 52% - 50% - 0:14
2 - 48% - 50% - 0:13
44 Defense
1 - 48% - 50% - 0:13
2 - 52% - 50% - 0:14
Last Minute Offensive - 1:13
Last Minute Defensive - 0:00
Total
Forward - 60:00
Defense - 60:00
|
Play-by-Play
1st period
0:01 of 1st period - Nick Foligno wins face-off versus Raphael Lavoie in neutral zone.
0:10 of 1st period - Yegor Chinakhov is hit by Raphael Lavoie and loses puck.
0:25 of 1st period - Jean-Luc Foudy is hit by Josh Archibald and loses puck.
0:35 of 1st period - Icing by Nicolas Hague.
0:36 of 1st period - Jean-Luc Foudy wins face-off versus Samuel Poulin in Atlantic City Gamblers zone.
0:44 of 1st period - Off-side.
0:45 of 1st period - Linus Karlsson wins face-off versus Samuel Poulin in neutral zone.
1:00 of 1st period - Slapshot by Boris Katchouk.
1:00 of 1st period - Stopped by Casey DeSmith with a rebound.
1:06 of 1st period - Minor Penalty to William Dufour for Hooking.
1:07 of 1st period - Nick Foligno wins face-off versus Peter Abbandonato in Newfoundland Shamrocks zone.
1:40 of 1st period - Jon Merrill is hit by Jean-Luc Foudy and loses puck.
1:53 of 1st period - Snap shot by Peter Abbandonato.
1:53 of 1st period - Shot Blocked by Filip Roos.
2:07 of 1st period - Yegor Chinakhov is hit by Jon Merrill and loses puck.
3:06 of 1st period - Penalty to William Dufour is over, William Dufour is back on ice.
3:37 of 1st period - Boris Katchouk is hit by Alex Galchenyuk and loses puck.
3:44 of 1st period - Wyatte Wylie is hit by Linus Karlsson and loses puck.
4:17 of 1st period - Nils Hoglander is hit by Peter Abbandonato and loses puck.
4:27 of 1st period - Icing by Thomas Harley.
4:28 of 1st period - Raphael Lavoie wins face-off versus Jean-Luc Foudy in Atlantic City Gamblers zone.
4:29 of 1st period - Backhand shot by Alex Chiasson.
4:29 of 1st period - Shot Blocked by Jakub Lauko.
5:01 of 1st period - Snap shot by Peter Abbandonato.
5:01 of 1st period - Stopped by Brian Elliott with a rebound.
6:03 of 1st period - Icing by Jon Merrill.
6:04 of 1st period - Raphael Lavoie wins face-off versus Jean-Luc Foudy in Newfoundland Shamrocks zone.
6:04 of 1st period - Raphael Lavoie is hit by Jakub Lauko.
6:22 of 1st period - Snap shot by Maxime Comtois.
6:22 of 1st period - Shot Blocked by Filip Roos.
6:24 of 1st period - Snap shot by Alex Chiasson.
6:24 of 1st period - Shot Misses the Net.
6:26 of 1st period - Slapshot by Robert Bortuzzo.
6:26 of 1st period - Shot Blocked by Jakub Lauko.
6:28 of 1st period - Wrist shot by Maxime Comtois.
6:28 of 1st period - Shot Misses the Net.
6:30 of 1st period - Snap shot by Maxime Comtois.
6:30 of 1st period - Stopped by Brian Elliott with a rebound.
6:32 of 1st period - Slapshot by Robert Bortuzzo.
6:32 of 1st period - Stopped by Brian Elliott without a rebound.
6:33 of 1st period - Nick Foligno wins face-off versus Peter Abbandonato in Atlantic City Gamblers zone.
6:33 of 1st period - Nick Foligno is hit by Peter Abbandonato.
6:45 of 1st period - Wrist shot by Yegor Chinakhov.
6:45 of 1st period - Shot Blocked by Dylan Coghlan.
6:59 of 1st period - Drew O'Connor is hit by Alexander Holtz and loses puck.
7:17 of 1st period - Icing by Dylan Coghlan.
7:18 of 1st period - Zayde Wisdom wins face-off versus Jean-Luc Foudy in Newfoundland Shamrocks zone.
7:28 of 1st period - Wrist shot by Alex Galchenyuk.
7:28 of 1st period - Stopped by Brian Elliott with a rebound.
7:30 of 1st period - Snap shot by Tanner Laczynski.
7:30 of 1st period - Stopped by Brian Elliott with a rebound.
7:32 of 1st period - Snap shot by Alex Galchenyuk.
7:32 of 1st period - Shot Misses the Net.
7:34 of 1st period - Slapshot by Zayde Wisdom.
7:34 of 1st period - Stopped by Brian Elliott with a rebound.
7:40 of 1st period - Minor Penalty to Jean-Luc Foudy for Roughing.
7:41 of 1st period - Nick Foligno wins face-off versus Raphael Lavoie in Atlantic City Gamblers zone.
7:54 of 1st period - Snap shot by Nils Hoglander.
7:54 of 1st period - Stopped by Casey DeSmith with a rebound.
7:56 of 1st period - Slapshot by Nicolas Hague.
7:56 of 1st period - Stopped by Casey DeSmith with a rebound.
8:10 of 1st period - Snap shot by Nick Foligno.
8:10 of 1st period - Shot Blocked by Nicolas Deslauriers.
9:40 of 1st period - Penalty to Jean-Luc Foudy is over, Jean-Luc Foudy is back on ice.
10:08 of 1st period - Snap shot by Egor Sokolov.
10:08 of 1st period - Deflect By Drew O'Connor.
10:08 of 1st period - Shot Blocked by Samuel Poulin.
10:08 of 1st period - Puck is out of play.
10:09 of 1st period - Samuel Poulin wins face-off versus Hendrix Lapierre in Newfoundland Shamrocks zone.
10:52 of 1st period - Off-side.
10:53 of 1st period - Fabian Zetterlund wins face-off versus Samuel Poulin in neutral zone.
11:16 of 1st period - Maxime Comtois is hit by Cal Foote and loses puck.
11:25 of 1st period - Snap shot by Nick Foligno.
11:25 of 1st period - Shot Misses the Net.
12:19 of 1st period - Snap shot by Jean-Luc Foudy.
12:19 of 1st period - Shot Blocked by Drew O'Connor.
13:03 of 1st period - Jon Merrill is hit by Linus Karlsson and loses puck.
13:23 of 1st period - Icing by Alex Beaucage.
13:24 of 1st period - Peter Abbandonato wins face-off versus Hendrix Lapierre in Atlantic City Gamblers zone.
13:25 of 1st period - Slapshot by Josh Archibald.
13:25 of 1st period - Shot Blocked by Simon Edvinsson.
13:27 of 1st period - Slapshot by William Villeneuve.
13:27 of 1st period - Stopped by Brian Elliott without a rebound.
13:28 of 1st period - Nick Foligno wins face-off versus Peter Abbandonato in Atlantic City Gamblers zone.
13:35 of 1st period - Snap shot by Yegor Chinakhov.
13:35 of 1st period - Shot Blocked by Josh Archibald.
13:53 of 1st period - William Villeneuve is hit by Cal Foote and loses puck.
14:12 of 1st period - Snap shot by Alexander Holtz.
14:12 of 1st period - Stopped by Casey DeSmith without a rebound.
14:13 of 1st period - Linus Karlsson wins face-off versus Tanner Laczynski in Newfoundland Shamrocks zone.
15:05 of 1st period - William Dufour is hit by Simon Edvinsson and loses puck.
15:12 of 1st period - Wrist shot by Nils Hoglander.
15:12 of 1st period - Shot Misses the Net.
15:24 of 1st period - Wrist shot by Nils Hoglander.
15:24 of 1st period - Stopped by Casey DeSmith with a rebound.
15:26 of 1st period - Slapshot by Simon Edvinsson.
15:26 of 1st period - Shot Misses the Net.
15:32 of 1st period - Wrist shot by Nils Hoglander.
15:32 of 1st period - Stopped by Casey DeSmith with a rebound.
15:34 of 1st period - Wrist shot by Nils Hoglander.
15:34 of 1st period - Shot Blocked by Drew O'Connor.
15:36 of 1st period - Slapshot by Simon Edvinsson.
15:36 of 1st period - Stopped by Casey DeSmith with a rebound.
16:08 of 1st period - Snap shot by Yegor Chinakhov.
16:08 of 1st period - Deflect By Nick Foligno.
16:08 of 1st period - Stopped by Casey DeSmith with a rebound.
16:14 of 1st period - Slapshot by Yegor Chinakhov.
16:14 of 1st period - Deflect By Nick Foligno.
16:14 of 1st period - Stopped by Casey DeSmith without a rebound.
16:15 of 1st period - Jean-Luc Foudy wins face-off versus Raphael Lavoie in Newfoundland Shamrocks zone.
16:18 of 1st period - Snap shot by Jakub Lauko.
16:18 of 1st period - Shot Misses the Net.
16:45 of 1st period - Slapshot by Nicolas Deslauriers.
16:45 of 1st period - Stopped by Brian Elliott without a rebound.
16:46 of 1st period - Linus Karlsson wins face-off versus Peter Abbandonato in Atlantic City Gamblers zone.
16:53 of 1st period - Snap shot by Alexander Holtz.
16:53 of 1st period - Stopped by Casey DeSmith with a rebound.
17:11 of 1st period - Alex Galchenyuk is hit by Fabian Zetterlund and loses puck.
17:20 of 1st period - Slapshot by Fabian Zetterlund.
17:20 of 1st period - Shot Misses the Net.
17:22 of 1st period - Slapshot by Nicolas Hague.
17:22 of 1st period - Stopped by Casey DeSmith without a rebound.
17:23 of 1st period - Hendrix Lapierre wins face-off versus Raphael Lavoie in Newfoundland Shamrocks zone.
17:36 of 1st period - Egor Sokolov is hit by Alex Chiasson and loses puck.
18:28 of 1st period - Wrist shot by Peter Abbandonato.
18:28 of 1st period - Stopped by Brian Elliott with a rebound.
18:30 of 1st period - Slapshot by Robert Bortuzzo.
18:30 of 1st period - Shot Misses the Net.
18:32 of 1st period - Snap shot by Nicolas Deslauriers.
18:32 of 1st period - Shot Misses the Net.
18:48 of 1st period - Snap shot by Nicolas Deslauriers.
18:48 of 1st period - Stopped by Brian Elliott without a rebound.
18:49 of 1st period - Raphael Lavoie wins face-off versus Nick Foligno in Atlantic City Gamblers zone.
18:56 of 1st period - Wrist shot by Maxime Comtois.
18:56 of 1st period - Stopped by Brian Elliott without a rebound.
18:57 of 1st period - Yegor Chinakhov wins face-off versus Raphael Lavoie in Atlantic City Gamblers zone.
19:06 of 1st period - Wrist shot by Yegor Chinakhov.
19:06 of 1st period - Stopped by Casey DeSmith without a rebound.
19:07 of 1st period - Jean-Luc Foudy wins face-off versus Raphael Lavoie in Newfoundland Shamrocks zone.
19:32 of 1st period - Alex Chiasson is hit by Cal Foote and loses puck.
Goals for this period are 0 for Atlantic City Gamblers vs 0 for Newfoundland Shamrocks.
Shots for this period are 12 for Atlantic City Gamblers vs 11 for Newfoundland Shamrocks.
2nd period
0:01 of 2nd period - Peter Abbandonato wins face-off versus Jean-Luc Foudy in neutral zone.
0:13 of 2nd period - Wrist shot by Josh Archibald.
0:13 of 2nd period - Shot Misses the Net.
0:15 of 2nd period - Wrist shot by Nicolas Deslauriers.
0:15 of 2nd period - Shot Misses the Net.
0:25 of 2nd period - Raphael Lavoie is hit by Yegor Chinakhov and loses puck.
0:30 of 2nd period - Slapshot by Yegor Chinakhov.
0:30 of 2nd period - Shot Misses the Net.
0:49 of 2nd period - Minor Penalty to Alex Galchenyuk for Hooking.
0:50 of 2nd period - Jean-Luc Foudy wins face-off versus Peter Abbandonato in Newfoundland Shamrocks zone.
0:52 of 2nd period - Snap shot by Jean-Luc Foudy.
0:52 of 2nd period - Shot Misses the Net.
1:06 of 2nd period - Snap shot by Jean-Luc Foudy.
1:06 of 2nd period - Shot Blocked by Tanner Laczynski.
1:16 of 2nd period - Filip Roos is hit by Wyatte Wylie.
1:32 of 2nd period - Snap shot by Fabian Zetterlund.
1:32 of 2nd period - Stopped by Casey DeSmith without a rebound.
1:33 of 2nd period - Peter Abbandonato wins face-off versus Nick Foligno in Newfoundland Shamrocks zone.
2:21 of 2nd period - Minor Penalty to Jean-Luc Foudy for High sticking.
2:22 of 2nd period - Raphael Lavoie wins face-off versus Nick Foligno in Atlantic City Gamblers zone.
2:25 of 2nd period - Snap shot by Raphael Lavoie.
2:25 of 2nd period - Shot Misses the Net.
2:27 of 2nd period - Slapshot by Ilya Solovyov.
2:27 of 2nd period - Deflect By Nick Foligno.
2:27 of 2nd period - Stopped by Brian Elliott without a rebound.
2:28 of 2nd period - Raphael Lavoie wins face-off versus Yegor Chinakhov in Atlantic City Gamblers zone.
2:35 of 2nd period - Wrist shot by Alex Chiasson.
2:35 of 2nd period - Stopped by Brian Elliott without a rebound.
2:36 of 2nd period - Nils Hoglander wins face-off versus Samuel Poulin in Atlantic City Gamblers zone.
2:41 of 2nd period - Snap shot by Maxime Comtois.
2:41 of 2nd period - Stopped by Brian Elliott with a rebound.
2:43 of 2nd period - Slapshot by Maxime Comtois.
2:43 of 2nd period - Shot Blocked by Nils Hoglander.
2:45 of 2nd period - Backhand shot by Jon Merrill.
2:45 of 2nd period - Stopped by Brian Elliott with a rebound.
2:47 of 2nd period - Slapshot by Maxime Comtois.
2:47 of 2nd period - Stopped by Brian Elliott with a rebound.
2:49 of 2nd period - Penalty to Alex Galchenyuk is over, Alex Galchenyuk is back on ice.
2:49 of 2nd period - Slapshot by Robert Bortuzzo.
2:49 of 2nd period - Shot Blocked by Nils Hoglander.
2:51 of 2nd period - Slapshot by Samuel Poulin.
2:51 of 2nd period - Shot Blocked by Filip Roos.
2:53 of 2nd period - Slapshot by Robert Bortuzzo.
2:53 of 2nd period - Deflect By Samuel Poulin.
2:53 of 2nd period - Shot Misses the Net.
2:53 of 2nd period - Puck is out of play.
2:54 of 2nd period - Nick Foligno wins face-off versus Raphael Lavoie in Atlantic City Gamblers zone.
2:56 of 2nd period - Minor Penalty to Cal Foote for Roughing.
2:57 of 2nd period - Samuel Poulin wins face-off versus Nick Foligno in Atlantic City Gamblers zone.
3:11 of 2nd period - Wrist shot by William Dufour.
3:11 of 2nd period - Shot Misses the Net.
3:27 of 2nd period - Wrist shot by Maxime Comtois.
3:27 of 2nd period - Shot Misses the Net.
3:29 of 2nd period - Wrist shot by Maxime Comtois.
3:29 of 2nd period - Deflect By Alex Chiasson.
3:29 of 2nd period - Deflect By Nicolas Hague.
3:29 of 2nd period - Shot Misses the Net.
3:29 of 2nd period - Puck is out of play.
3:30 of 2nd period - Nick Foligno wins face-off versus Raphael Lavoie in Atlantic City Gamblers zone.
4:21 of 2nd period - Penalty to Jean-Luc Foudy is over, Jean-Luc Foudy is back on ice.
4:56 of 2nd period - Penalty to Cal Foote is over, Cal Foote is back on ice.
5:07 of 2nd period - Slapshot by Peter Abbandonato.
5:07 of 2nd period - Shot Misses the Net.
6:14 of 2nd period - Wrist shot by Nick Foligno.
6:14 of 2nd period - Stopped by Casey DeSmith with a rebound.
6:16 of 2nd period - Wrist shot by Nils Hoglander.
6:16 of 2nd period - Stopped by Casey DeSmith with a rebound.
6:18 of 2nd period - Slapshot by Simon Edvinsson.
6:18 of 2nd period - Stopped by Casey DeSmith with a rebound.
6:20 of 2nd period - Snap shot by Yegor Chinakhov.
6:20 of 2nd period - Shot Misses the Net.
6:34 of 2nd period - Wrist shot by William Dufour.
6:34 of 2nd period - Shot Blocked by Thomas Harley.
6:36 of 2nd period - Snap shot by Alex Chiasson.
6:36 of 2nd period - Shot Misses the Net.
6:38 of 2nd period - Snap shot by Robert Bortuzzo.
6:38 of 2nd period - Shot Misses the Net.
6:48 of 2nd period - Nicolas Deslauriers is hit by Jean-Luc Foudy and loses puck.
8:01 of 2nd period - Snap shot by Nicolas Hague.
8:01 of 2nd period - Shot Blocked by Raphael Lavoie.
8:16 of 2nd period - Jakub Lauko is hit by Jon Merrill and loses puck.
9:01 of 2nd period - Slapshot by Alex Chiasson.
9:01 of 2nd period - Stopped by Brian Elliott without a rebound.
9:02 of 2nd period - Hendrix Lapierre wins face-off versus Raphael Lavoie in Atlantic City Gamblers zone.
9:12 of 2nd period - Raphael Lavoie and Egor Sokolov fight to a draw.
9:12 of 2nd period - Penalty to Raphael Lavoie for Fighting.
9:12 of 2nd period - Penalty to Egor Sokolov for Fighting.
9:13 of 2nd period - Jean-Luc Foudy wins face-off versus Peter Abbandonato in Newfoundland Shamrocks zone.
9:39 of 2nd period - Jon Merrill is hit by Cal Foote and loses puck.
9:52 of 2nd period - Snap shot by Alex Chiasson.
9:52 of 2nd period - Goal by Alex Chiasson - Atlantic City Gamblers : 0 - Newfoundland Shamrocks : 1.
9:53 of 2nd period - Peter Abbandonato wins face-off versus Nick Foligno in neutral zone.
10:20 of 2nd period - Thomas Harley is hit by Maxime Comtois.
11:04 of 2nd period - Slapshot by Drew O'Connor.
11:04 of 2nd period - Deflect By Samuel Poulin.
11:04 of 2nd period - Shot Misses the Net.
11:04 of 2nd period - Puck is out of play.
11:05 of 2nd period - Peter Abbandonato wins face-off versus Hendrix Lapierre in Atlantic City Gamblers zone.
11:14 of 2nd period - Josh Archibald is hit by Boris Katchouk and loses puck.
12:33 of 2nd period - Snap shot by Maxime Comtois.
12:33 of 2nd period - Shot Misses the Net.
12:42 of 2nd period - Off-side.
12:43 of 2nd period - Zayde Wisdom wins face-off versus Nils Hoglander in neutral zone.
12:53 of 2nd period - Wrist shot by Tanner Laczynski.
12:53 of 2nd period - Shot Blocked by Cal Foote.
12:59 of 2nd period - Minor Penalty to Yegor Chinakhov for Hooking.
13:00 of 2nd period - Nick Foligno wins face-off versus Peter Abbandonato in Atlantic City Gamblers zone.
13:00 of 2nd period - Nick Foligno is hit by Zayde Wisdom.
13:16 of 2nd period - Wrist shot by Peter Abbandonato.
13:16 of 2nd period - Goal by Peter Abbandonato - Atlantic City Gamblers : 0 - Newfoundland Shamrocks : 2.
13:17 of 2nd period - Peter Abbandonato wins face-off versus Jean-Luc Foudy in neutral zone.
14:02 of 2nd period - Dylan Coghlan is hit by Boris Katchouk and loses puck.
14:34 of 2nd period - Wrist shot by Egor Sokolov.
14:34 of 2nd period - Deflect By Dylan Coghlan.
14:34 of 2nd period - Stopped by Casey DeSmith with a rebound.
14:44 of 2nd period - Wrist shot by Fabian Zetterlund.
14:44 of 2nd period - Shot Misses the Net.
15:10 of 2nd period - Alex Chiasson is hit by Nils Hoglander and loses puck.
15:46 of 2nd period - Boris Katchouk is hit by Nicolas Deslauriers.
16:02 of 2nd period - Nicolas Hague is hit by Tanner Laczynski and loses puck.
16:43 of 2nd period - Slapshot by Egor Sokolov.
16:43 of 2nd period - Goal by Egor Sokolov - Atlantic City Gamblers : 1 - Newfoundland Shamrocks : 2.
16:44 of 2nd period - Peter Abbandonato wins face-off versus Jean-Luc Foudy in neutral zone.
16:47 of 2nd period - Snap shot by Robert Bortuzzo.
16:47 of 2nd period - Stopped by Brian Elliott without a rebound.
16:48 of 2nd period - Peter Abbandonato wins face-off versus Jean-Luc Foudy in Atlantic City Gamblers zone.
16:53 of 2nd period - Snap shot by Peter Abbandonato.
16:53 of 2nd period - Stopped by Brian Elliott with a rebound.
17:20 of 2nd period - Wrist shot by Alex Chiasson.
17:20 of 2nd period - Deflect By Maxime Comtois.
17:20 of 2nd period - Stopped by Brian Elliott with a rebound.
17:22 of 2nd period - Snap shot by Raphael Lavoie.
17:22 of 2nd period - Shot Misses the Net.
17:24 of 2nd period - Backhand shot by Robert Bortuzzo.
17:24 of 2nd period - Stopped by Brian Elliott with a rebound.
18:00 of 2nd period - Snap shot by Alex Galchenyuk.
18:00 of 2nd period - Stopped by Brian Elliott without a rebound.
18:01 of 2nd period - Jean-Luc Foudy wins face-off versus Zayde Wisdom in Atlantic City Gamblers zone.
18:26 of 2nd period - Cal Foote is hit by Josh Archibald and loses puck.
18:36 of 2nd period - Off-side.
18:37 of 2nd period - Raphael Lavoie wins face-off versus Jean-Luc Foudy in neutral zone.
19:03 of 2nd period - Josh Archibald is hit by Nick Foligno and loses puck.
19:14 of 2nd period - Wrist shot by Nick Foligno.
19:14 of 2nd period - Stopped by Casey DeSmith without a rebound.
19:15 of 2nd period - Linus Karlsson wins face-off versus Raphael Lavoie in Newfoundland Shamrocks zone.
19:15 of 2nd period - Linus Karlsson is hit by Ilya Solovyov.
19:18 of 2nd period - Ilya Solovyov and Boris Katchouk fight to a draw.
19:18 of 2nd period - Penalty to Ilya Solovyov for Fighting.
19:18 of 2nd period - Penalty to Boris Katchouk for Fighting.
19:19 of 2nd period - Jean-Luc Foudy wins face-off versus Raphael Lavoie in Newfoundland Shamrocks zone.
19:20 of 2nd period - Snap shot by Fabian Zetterlund.
19:20 of 2nd period - Shot Misses the Net.
19:28 of 2nd period - Snap shot by Alex Chiasson.
19:28 of 2nd period - Deflect By Maxime Comtois.
19:28 of 2nd period - Stopped by Brian Elliott without a rebound.
19:29 of 2nd period - Jean-Luc Foudy wins face-off versus Raphael Lavoie in Atlantic City Gamblers zone.
19:47 of 2nd period - Snap shot by Raphael Lavoie.
19:47 of 2nd period - Shot Blocked by Nicolas Hague.
19:49 of 2nd period - Slapshot by Robert Bortuzzo.
19:49 of 2nd period - Shot Blocked by Cal Foote.
19:51 of 2nd period - Slapshot by Jon Merrill.
19:51 of 2nd period - Stopped by Brian Elliott with a rebound.
19:53 of 2nd period - Slapshot by Robert Bortuzzo.
19:53 of 2nd period - Shot Blocked by Cal Foote.
19:55 of 2nd period - Wrist shot by Raphael Lavoie.
19:55 of 2nd period - Shot Blocked by Nicolas Hague.
19:57 of 2nd period - Slapshot by Robert Bortuzzo.
19:57 of 2nd period - Deflect By Maxime Comtois.
19:57 of 2nd period - Stopped by Brian Elliott without a rebound.
19:58 of 2nd period - Peter Abbandonato wins face-off versus Nick Foligno in Atlantic City Gamblers zone.
Goals for this period are 1 for Atlantic City Gamblers vs 2 for Newfoundland Shamrocks.
Shots for this period are 7 for Atlantic City Gamblers vs 16 for Newfoundland Shamrocks.
3rd period
0:01 of 3rd period - Josh Archibald wins face-off versus Nick Foligno in neutral zone.
0:04 of 3rd period - Slapshot by Robert Bortuzzo.
0:04 of 3rd period - Stopped by Brian Elliott with a rebound.
0:54 of 3rd period - Slapshot by Jean-Luc Foudy.
0:54 of 3rd period - Stopped by Casey DeSmith without a rebound.
0:55 of 3rd period - Nick Foligno wins face-off versus Peter Abbandonato in Newfoundland Shamrocks zone.
0:56 of 3rd period - Snap shot by Nils Hoglander.
0:56 of 3rd period - Shot Blocked by William Villeneuve.
1:06 of 3rd period - Peter Abbandonato is hit by Nick Foligno and loses puck.
1:43 of 3rd period - Minor Penalty to Jean-Luc Foudy for Hooking.
1:44 of 3rd period - Samuel Poulin wins face-off versus Nick Foligno in Atlantic City Gamblers zone.
1:49 of 3rd period - Snap shot by William Dufour.
1:49 of 3rd period - Shot Blocked by Cal Foote.
1:51 of 3rd period - Snap shot by Alex Galchenyuk.
1:51 of 3rd period - Shot Misses the Net.
3:32 of 3rd period - Alex Galchenyuk is hit by Thomas Harley and loses puck.
3:43 of 3rd period - Penalty to Jean-Luc Foudy is over, Jean-Luc Foudy is back on ice.
4:00 of 3rd period - Slapshot by Drew O'Connor.
4:00 of 3rd period - Stopped by Brian Elliott with a rebound.
4:02 of 3rd period - Snap shot by Josh Archibald.
4:02 of 3rd period - Stopped by Brian Elliott with a rebound.
4:20 of 3rd period - Wrist shot by Tanner Laczynski.
4:20 of 3rd period - Stopped by Brian Elliott with a rebound.
5:17 of 3rd period - Icing by Filip Roos.
5:18 of 3rd period - Peter Abbandonato wins face-off versus Nick Foligno in Atlantic City Gamblers zone.
5:33 of 3rd period - Snap shot by Yegor Chinakhov.
5:33 of 3rd period - Stopped by Casey DeSmith without a rebound.
5:34 of 3rd period - Hendrix Lapierre wins face-off versus Samuel Poulin in Newfoundland Shamrocks zone.
5:41 of 3rd period - Snap shot by Hendrix Lapierre.
5:41 of 3rd period - Shot Misses the Net.
5:43 of 3rd period - Wrist shot by Alex Beaucage.
5:43 of 3rd period - Shot Misses the Net.
5:45 of 3rd period - Snap shot by Hendrix Lapierre.
5:45 of 3rd period - Shot Misses the Net.
5:47 of 3rd period - Snap shot by Alex Beaucage.
5:47 of 3rd period - Stopped by Casey DeSmith with a rebound.
5:59 of 3rd period - Boris Katchouk is hit by Nicolas Deslauriers and loses puck.
6:06 of 3rd period - Snap shot by Alexander Holtz.
6:06 of 3rd period - Stopped by Casey DeSmith with a rebound.
6:08 of 3rd period - Slapshot by Simon Edvinsson.
6:08 of 3rd period - Stopped by Casey DeSmith without a rebound.
6:09 of 3rd period - Raphael Lavoie wins face-off versus Nick Foligno in Newfoundland Shamrocks zone.
6:09 of 3rd period - Raphael Lavoie is hit by Yegor Chinakhov.
6:18 of 3rd period - Off-side.
6:19 of 3rd period - Nick Foligno wins face-off versus Alex Chiasson in neutral zone.
6:21 of 3rd period - Nils Hoglander is hit by Alex Chiasson and loses puck.
6:26 of 3rd period - Snap shot by Alex Chiasson.
6:26 of 3rd period - Stopped by Brian Elliott with a rebound.
6:28 of 3rd period - Snap shot by Maxime Comtois.
6:28 of 3rd period - Stopped by Brian Elliott with a rebound.
6:30 of 3rd period - Wrist shot by Raphael Lavoie.
6:30 of 3rd period - Stopped by Brian Elliott without a rebound.
6:31 of 3rd period - Raphael Lavoie wins face-off versus Nick Foligno in Atlantic City Gamblers zone.
6:46 of 3rd period - Wrist shot by Raphael Lavoie.
6:46 of 3rd period - Goal by Raphael Lavoie - Atlantic City Gamblers : 1 - Newfoundland Shamrocks : 3.
6:47 of 3rd period - Nick Foligno wins face-off versus Raphael Lavoie in neutral zone.
6:56 of 3rd period - Snap shot by Maxime Comtois.
6:56 of 3rd period - Stopped by Brian Elliott without a rebound.
6:57 of 3rd period - Raphael Lavoie wins face-off versus Nick Foligno in Atlantic City Gamblers zone.
7:05 of 3rd period - Off-side.
7:06 of 3rd period - Peter Abbandonato wins face-off versus Jean-Luc Foudy in neutral zone.
7:17 of 3rd period - Slapshot by Josh Archibald.
7:17 of 3rd period - Stopped by Brian Elliott with a rebound.
7:57 of 3rd period - Snap shot by Hendrix Lapierre.
7:57 of 3rd period - Stopped by Casey DeSmith with a rebound.
7:59 of 3rd period - Slapshot by Ronnie Attard.
7:59 of 3rd period - Stopped by Casey DeSmith with a rebound.
8:01 of 3rd period - Slapshot by Simon Edvinsson.
8:01 of 3rd period - Stopped by Casey DeSmith with a rebound.
8:03 of 3rd period - Backhand shot by Alex Beaucage.
8:03 of 3rd period - Goal by Alex Beaucage - Atlantic City Gamblers : 2 - Newfoundland Shamrocks : 3.
8:04 of 3rd period - Linus Karlsson wins face-off versus Raphael Lavoie in neutral zone.
8:10 of 3rd period - Wrist shot by Linus Karlsson.
8:10 of 3rd period - Shot Misses the Net.
8:12 of 3rd period - Snap shot by Linus Karlsson.
8:12 of 3rd period - Shot Misses the Net.
8:45 of 3rd period - Nicolas Deslauriers is hit by Nicolas Hague and loses puck.
9:20 of 3rd period - Wrist shot by Boris Katchouk.
9:20 of 3rd period - Stopped by Casey DeSmith with a rebound.
9:22 of 3rd period - Slapshot by Nicolas Hague.
9:22 of 3rd period - Stopped by Casey DeSmith with a rebound.
9:24 of 3rd period - Snap shot by Boris Katchouk.
9:24 of 3rd period - Shot Misses the Net.
9:35 of 3rd period - Minor Penalty to Alex Galchenyuk for Slashing.
9:36 of 3rd period - Nick Foligno wins face-off versus Peter Abbandonato in Newfoundland Shamrocks zone.
9:37 of 3rd period - Snap shot by Nils Hoglander.
9:37 of 3rd period - Shot Blocked by Dylan Coghlan.
9:39 of 3rd period - Slapshot by Filip Roos.
9:39 of 3rd period - Stopped by Casey DeSmith with a rebound.
9:41 of 3rd period - Slapshot by Nils Hoglander.
9:41 of 3rd period - Goal by Nils Hoglander - Atlantic City Gamblers : 3 - Newfoundland Shamrocks : 3.
9:42 of 3rd period - Maxime Comtois wins face-off versus Yegor Chinakhov in neutral zone.
9:51 of 3rd period - Snap shot by Raphael Lavoie.
9:51 of 3rd period - Stopped by Brian Elliott without a rebound.
9:51 of 3rd period - Ronnie Attard beats up Robert Bortuzzo.
9:51 of 3rd period - Penalty to Robert Bortuzzo for Fighting.
9:51 of 3rd period - Penalty to Ronnie Attard for Fighting.
9:52 of 3rd period - Peter Abbandonato wins face-off versus Jean-Luc Foudy in Atlantic City Gamblers zone.
10:05 of 3rd period - Wrist shot by Jean-Luc Foudy.
10:05 of 3rd period - Stopped by Casey DeSmith without a rebound.
10:06 of 3rd period - Maxime Comtois wins face-off versus Nick Foligno in Newfoundland Shamrocks zone.
10:11 of 3rd period - Wrist shot by Maxime Comtois.
10:11 of 3rd period - Stopped by Brian Elliott without a rebound.
10:12 of 3rd period - Raphael Lavoie wins face-off versus Nick Foligno in Atlantic City Gamblers zone.
10:45 of 3rd period - Icing by Dylan Coghlan.
10:46 of 3rd period - Raphael Lavoie wins face-off versus Linus Karlsson in Newfoundland Shamrocks zone.
10:51 of 3rd period - Simon Edvinsson is hit by Maxime Comtois and loses puck.
11:00 of 3rd period - Snap shot by Maxime Comtois.
11:00 of 3rd period - Shot Misses the Net.
11:02 of 3rd period - Slapshot by Jon Merrill.
11:02 of 3rd period - Shot Misses the Net.
11:04 of 3rd period - Snap shot by Jon Merrill.
11:04 of 3rd period - Stopped by Brian Elliott without a rebound.
11:05 of 3rd period - Josh Archibald wins face-off versus Jean-Luc Foudy in Atlantic City Gamblers zone.
11:12 of 3rd period - Wrist shot by Peter Abbandonato.
11:12 of 3rd period - Shot Blocked by Cal Foote.
11:18 of 3rd period - Slapshot by Jean-Luc Foudy.
11:18 of 3rd period - Shot Blocked by Josh Archibald.
11:20 of 3rd period - Snap shot by Fabian Zetterlund.
11:20 of 3rd period - Shot Misses the Net.
11:32 of 3rd period - Snap shot by Alexander Holtz.
11:32 of 3rd period - Shot Misses the Net.
11:34 of 3rd period - Wrist shot by Filip Roos.
11:34 of 3rd period - Shot Misses the Net.
11:52 of 3rd period - William Villeneuve is hit by Thomas Harley and loses puck.
12:17 of 3rd period - Jon Merrill is hit by Thomas Harley and loses puck.
12:28 of 3rd period - Jon Merrill is hit by Thomas Harley and loses puck.
12:39 of 3rd period - Cal Foote is hit by Drew O'Connor and loses puck.
13:04 of 3rd period - Snap shot by Alexander Holtz.
13:04 of 3rd period - Shot Blocked by Ilya Solovyov.
13:06 of 3rd period - Slapshot by Nicolas Hague.
13:06 of 3rd period - Shot Blocked by Dylan Coghlan.
13:08 of 3rd period - Slapshot by Cal Foote.
13:08 of 3rd period - Shot Misses the Net.
13:18 of 3rd period - Wrist shot by Dylan Coghlan.
13:18 of 3rd period - Stopped by Brian Elliott without a rebound.
13:19 of 3rd period - Hendrix Lapierre wins face-off versus Zayde Wisdom in Atlantic City Gamblers zone.
13:47 of 3rd period - Slapshot by Egor Sokolov.
13:47 of 3rd period - Shot Misses the Net.
13:49 of 3rd period - Snap shot by Egor Sokolov.
13:49 of 3rd period - Goal by Egor Sokolov - Atlantic City Gamblers : 4 - Newfoundland Shamrocks : 3.
13:50 of 3rd period - Samuel Poulin wins face-off versus Nick Foligno in neutral zone.
13:59 of 3rd period - Snap shot by Nick Foligno.
13:59 of 3rd period - Stopped by Casey DeSmith without a rebound.
14:00 of 3rd period - Nick Foligno wins face-off versus Samuel Poulin in Newfoundland Shamrocks zone.
14:01 of 3rd period - Snap shot by Nils Hoglander.
14:01 of 3rd period - Deflect By Drew O'Connor.
14:01 of 3rd period - Stopped by Casey DeSmith with a rebound.
14:03 of 3rd period - Slapshot by Nicolas Hague.
14:03 of 3rd period - Stopped by Casey DeSmith without a rebound.
14:04 of 3rd period - Jean-Luc Foudy wins face-off versus Samuel Poulin in Newfoundland Shamrocks zone.
14:05 of 3rd period - Wrist shot by Fabian Zetterlund.
14:05 of 3rd period - Stopped by Casey DeSmith with a rebound.
15:22 of 3rd period - Slapshot by Cal Foote.
15:22 of 3rd period - Shot Misses the Net.
15:30 of 3rd period - Hendrix Lapierre is hit by Dylan Coghlan and loses puck.
16:22 of 3rd period - Snap shot by Fabian Zetterlund.
16:22 of 3rd period - Stopped by Casey DeSmith with a rebound.
16:33 of 3rd period - Jon Merrill is hit by Filip Roos and loses puck.
16:56 of 3rd period - Peter Abbandonato is hit by Thomas Harley and loses puck.
17:15 of 3rd period - Ronnie Attard is hit by Ilya Solovyov and loses puck.
17:20 of 3rd period - Wrist shot by Tanner Laczynski.
17:20 of 3rd period - Shot Misses the Net.
17:30 of 3rd period - Wrist shot by Ronnie Attard.
17:30 of 3rd period - Stopped by Casey DeSmith with a rebound.
18:10 of 3rd period - Raphael Lavoie is hit by Alex Beaucage and loses puck.
18:33 of 3rd period - Newfoundland Shamrocks, Casey DeSmith is pulled from the net.
18:37 of 3rd period - Slapshot by Tanner Laczynski.
18:37 of 3rd period - Shot Misses the Net.
18:41 of 3rd period - Snap shot by Tanner Laczynski.
18:41 of 3rd period - Shot Misses the Net.
18:43 of 3rd period - Slapshot by Dylan Coghlan.
18:43 of 3rd period - Stopped by Brian Elliott with a rebound.
19:11 of 3rd period - Wrist shot by Alex Chiasson.
19:11 of 3rd period - Stopped by Brian Elliott without a rebound.
19:12 of 3rd period - Dom Ducharme call a timeout for Newfoundland Shamrocks.
19:12 of 3rd period - Raphael Lavoie wins face-off versus Nick Foligno in Atlantic City Gamblers zone.
19:33 of 3rd period - Wrist shot by Raphael Lavoie.
19:33 of 3rd period - Shot Misses the Net.
19:35 of 3rd period - Snap shot by Raphael Lavoie.
19:35 of 3rd period - Stopped by Brian Elliott with a rebound.
19:37 of 3rd period - Snap shot by Raphael Lavoie.
19:37 of 3rd period - Stopped by Brian Elliott with a rebound.
19:39 of 3rd period - Snap shot by Alex Chiasson.
19:39 of 3rd period - Shot Misses the Net.
19:41 of 3rd period - Slapshot by Maxime Comtois.
19:41 of 3rd period - Shot Misses the Net.
19:43 of 3rd period - Slapshot by Robert Bortuzzo.
19:43 of 3rd period - Stopped by Brian Elliott without a rebound.
19:44 of 3rd period - Yegor Chinakhov wins face-off versus Raphael Lavoie in Atlantic City Gamblers zone.
Goals for this period are 3 for Atlantic City Gamblers vs 1 for Newfoundland Shamrocks.
Shots for this period are 21 for Atlantic City Gamblers vs 19 for Newfoundland Shamrocks.
Back to the Top